 Dungeon Crawl Stone Soup version 0.26.0-45-g9c1d065592 (webtiles) character file.

Game seed: 7694692410553718470

65 kaeus the Sneak (level 4, 0/27 HPs)
             Began as an Octopode Enchanter on Jan 29, 2021.
             Slain by an adder (2 damage)
             ... on level 2 of the Dungeon.
             The game lasted 00:01:14 (1950 turns).

kaeus the Sneak (Octopode Enchanter)                Turns: 1950, Time: 00:01:14

Health: 0/27       AC:  1    Str:  7    XL:     4   Next: 13%
Magic:  7/7        EV: 13    Int: 17    God:
Gold:   57         SH:  0    Dex: 13    Spells: 4/7 levels left

rFire    . . .     SeeInvis .   a - +1 dagger
rCold    . . .     Faith    .   (no shield)
rNeg     . . .     Spirit   .   (helmet restricted)
rPois    .         Reflect  .   d - amulet of inaccuracy (curse)
rElec    .         Harm     .   (no ring)
rCorr    .         Rampage  .   (no ring)
Will     .....                  (no ring)
Stlth    ++++......             (no ring)
HPRegen  0.09/turn              (no ring)
MPRegen  0.10/turn              (no ring)
                                (no ring)
                                (no ring)

@: lethally poisoned (0 -> -3)
A: almost no armour, stealthy swim, amphibious, 8 rings, constrict 8, camouflage
1, gelatinous body 1
a: no special abilities


You were on level 2 of the Dungeon.
You visited 1 branch of the dungeon, and saw 2 of its levels.

You collected 57 gold pieces.

Inventory:

Hand Weapons
 a - a +1 dagger (weapon)
Jewellery
 d - a cursed amulet of inaccuracy (around mantle)
 k - a cursed amulet of regeneration {unknown}
Scrolls
 b - a scroll of identify
 e - a scroll of noise {unknown}
 f - a scroll of random uselessness {unknown}
 g - a scroll of amnesia {unknown}
 i - a scroll of remove curse {unknown}
 j - a scroll of enchant weapon {unknown}
 l - a scroll of blinking {unknown}
 m - a scroll of teleportation {unknown}
Potions
 c - 2 potions of curing
 h - a potion of heal wounds {unknown}


   Skills:
 + Level 1.6 Short Blades
 + Level 2.3 Dodging
 * Level 5.2 Stealth
 + Level 2.3 Spellcasting
 * Level 3.5 Hexes


You had 4 spell levels left.
You knew the following spells:

 Your Spells              Type           Power        Failure   Level
a - Corona                Hex            14%          4%          1
b - Ensorcelled Hibernat  Hex/Ice        14%          14%         2

Your spell library contained the following spells:

 Spells                   Type           Power        Failure   Level
 Confusing Touch          Hex            13%          14%         3
 Tukima's Dance           Hex            13%          14%         3
 Dazzling Flash           Conj/Hex       14%          28%         3


Dungeon Overview and Level Annotations

Branches:
Dungeon (2/15)

Altars:
Wu Jian


Innate Abilities, Weirdness & Mutations

You cannot wear most types of armour.
You are very stealthy in the water. (Stealth+)
You are amphibious.
You can wear up to eight rings at the same time.
You can use your tentacles to constrict eight enemies at once.
Your skin changes colour to match your surroundings (Stealth+).
Your rubbery body absorbs attacks. (AC +1, EV +1)


Message History

There are monsters nearby!
You are too injured to fight recklessly!
There are monsters nearby!
You are too injured to fight recklessly!
There are monsters nearby!
You miss the adder. Your grab misses the adder. The adder bites you.
You take 3 damage, and have 9/27 hp.
You miss the adder. Your grab misses the adder.
You feel sick. The adder misses you.
You take 1 damage, and have 8/27 hp.
You feel sick. The adder barely misses you.
You take 1 damage, and have 7/27 hp.
You miss the adder. Your grab misses the adder.
You feel sick. The adder bites you.
* * * LOW HITPOINT WARNING * * *
You take 6 damage, and have 2/27 hp.
MASSIVE DAMAGE!!
You hit the adder. You grab the adder.
The adder is moderately wounded.
You constrict the adder. The adder bites you.
You die...

.. #....# #.....#...[#
#.....#....# #####
#.....#....# #....
.######.........)#######..##
$.........................#
>....?..........#####.....##
.........##.....# #.....+.
.?.......##@....# #.....##
..........S.....## #.....#
.......w....##.รท.# ##....##
............##.#.# #......
............##.#.## #####.#
#...........##.#..# #.#
#...........##.##.## #.#
#########...##.##..# #.#
#...##.###.# #.#


You could see an adder and a dart slug.

Vanquished Creatures
  An adder (D:2)
  An ooze (D:1)
  A worm (D:2)
  2 dart slugs (D:2)
  A ball python (D:1)
  5 bats (D:1)
  3 giant cockroaches
  4 goblins
  6 hobgoblins
  6 jackals (D:1)
  4 frilled lizards (D:2)
  A kobold (D:1)
  7 rats
42 creatures vanquished.

Notes
Turn   | Place    | Note
-------+----------+-------------------------------------------
     0 | D:1      | kaeus the Octopode Enchanter began the quest for the Orb.
     0 | D:1      | Reached XP level 1. HP: 11/11 MP: 3/3
   122 | D:1      | Reached XP level 2. HP: 17/17 MP: 5/5
   440 | D:1      | Reached XP level 3. HP: 10/21 MP: 6/6
  1318 | D:1      | Learned a level 2 spell: Ensorcelled Hibernation
  1486 | D:2      | Found an ornate altar of the Wu Jian Council.
  1517 | D:2      | Reached skill level 5 in Stealth
  1712 | D:2      | Reached XP level 4. HP: 27/27 MP: 7/7
  1950 | D:2      | Slain by an adder

Illustrated notes

Levels and vault maps discovered:
D:1:      psy_arrival_conway, layout_basic, hex_intersection
D:2:      layout_basic, lemuel_doored_altar

Skill      XL: |  1  2  3 |
---------------+----------+-----
Stealth        | 5 |  5.2
Short Blades   | |  1.6
Dodging        | |  2.3
Spellcasting   | |  2.3
Hexes          | |  3.5

Action                   |  1- 3 |  4- 6 || total
-------------------------+-------+-------++-------
Melee: Dagger            |    78 |    25 ||   103
       Constrict         |    14 |     5 ||    19
       Tentacles         |    10 |     2 ||    12
  Use: Scroll            |     1 |       ||     1
 Stab: Sleeping          |    15 |     2 ||    17
Armor: Skin              |     9 |     3 ||    12
Dodge: Dodged            |    49 |     8 ||    57
